 Dungeon Crawl Stone Soup version 0.19-a0-1050-g8e71ee3 (webtiles) character file.

11405 Kaname the Carver (level 11, -4/72 HPs)
             Began as a High Elf Wanderer on July 31, 2016.
             Was a High Priest of Vehumet.
             Slain by a hill giant
             ... wielding a +0 giant club
              (31 damage)
             ... on level 11 of the Dungeon.
             The game lasted 01:06:11 (15451 turns).

Kaname the Carver (High Elf Wanderer)              Turns: 15451, Time: 01:06:11

Health: -4/72      AC: 11    Str: 14    XL:     11   Next: 48%
Magic:  21/24      EV: 13    Int: 18    God:    Vehumet [*****.]
Gold:   423        SH:  0    Dex: 19    Spells: 3 memorised, 22 levels left

rFire  + . .     SeeInvis .     A - +3 long sword "Qited" {freeze, rElec Dex+5}
rCold  + + .     Gourm    +     Z - +1 robe of Xom's Castigation {rC+}
rNeg   . . .     Faith    .     (no shield)
rPois  .         Spirit   .     (helmet restricted)
rElec  +         Dismiss  .     B - +0 cloak
rCorr  .         Reflect  .     O - +0 pair of gloves
SustAt .         Harm     .     l - +0 pair of boots
MR     +....     Rnd*Tele +     u - amulet of the gourmand
Stlth  +++.......               G - ring of protection from fire
                                L - +2 ring of slaying

@: somewhat resistant to hostile enchantments, fairly stealthy
A: beak, claws 1, horns 1, icy blue scales 1, iridescent scales 1, slimy green
scales 1, agile 1, cold resistance 1, deformed body, teleportitis 1, weak 1,
MP-powered wands
a: Renounce Religion


You were on level 11 of the Dungeon.
You worshipped Vehumet.
Vehumet was extremely pleased with you.
You were full.

You visited 2 branches of the dungeon, and saw 12 of its levels.
You also visited: Ossuary and Bailey.

You collected 603 gold pieces.
You spent 180 gold pieces at shops.

Inventory:

Hand Weapons
 A - the +3 long sword "Qited" (weapon) {freeze, rElec Dex+5}
   (You found it on level 4 of the Dungeon)

   It has been specially enchanted to freeze those struck by it, causing extra
   injury to most foes and up to half again as much damage against particularly
   susceptible opponents.
   It can also slow down cold-blooded creatures.
   It affects your dexterity (+5).
   It insulates you from electricity.
Armour
 l - a +0 pair of boots (worn)
 B - a +0 cloak (worn)
 O - a +0 pair of gloves (worn)
 Z - the +1 robe of Xom's Castigation (worn) {rC+}
   (You found it on level 11 of the Dungeon)

   It protects you from cold.
Jewellery
 u - an amulet of the gourmand (around neck)
 G - a ring of protection from fire (right hand)
 L - a +2 ring of slaying (left hand)
Wands
 c - a wand of hasting (3/9)
 m - a wand of iceblast (4/15)
 x - a wand of teleportation (0/9)
 C - a wand of lightning (12/15)
 D - a wand of acid (7/15)
 M - a wand of disintegration (15/24)
 Q - a wand of polymorph (8/24)
 S - a wand of heal wounds (5/9)
 T - a wand of digging (5/24)
Scrolls
 a - a scroll of identify
 e - a scroll of enchant armour
 g - 3 scrolls of recharging
 j - 3 scrolls of fog
 k - 8 scrolls of remove curse
 t - 2 scrolls of blinking
 y - a scroll of amnesia {unknown}
 z - 5 scrolls of magic mapping
 E - 4 scrolls of enchant weapon
 K - a scroll of noise {unknown}
 N - a scroll of teleportation
 P - 2 scrolls of fear
 W - a scroll of silence {unknown}
 X - a scroll of acquirement {unknown}
Potions
 b - a potion of resistance
 h - 3 potions of lignification
 n - a potion of cancellation {unknown}
 o - 2 potions of invisibility {unknown}
 p - 5 potions of curing
 r - 2 potions of brilliance {unknown}
 s - a potion of agility {unknown}
 v - 3 potions of magic
 w - a potion of ambrosia {unknown}
 F - 5 potions of might
 I - 3 potions of flight
 J - 2 potions of berserk rage {unknown}
 R - a potion of cure mutation {unknown}
 U - a potion of heal wounds {unknown}
 V - a potion of haste
 Y - a potion of beneficial mutation
Comestibles
 d - 9 bread rations
 f - 8 meat rations
 i - 9 slices of pizza
 q - 5 beef jerkies
 H - 2 fruits


   Skills:
 - Level 6.0 Fighting
   Level 1.2(9.4) Short Blades
 - Level 14.0(14.1) Long Blades
   Level 1.0 Maces & Flails
 - Level 1.0 Throwing
 - Level 1.0 Armour
 - Level 2.1 Dodging
 + Level 3.4 Stealth
   Level 1.0 Shields
 - Level 8.3 Spellcasting
 - Level 10.0 Conjurations
 * Level 1.0 Fire Magic


You had 22 spell levels left.
You knew the following spells:

 Your Spells              Type           Power        Failure   Level  Hunger
a - Freeze                Ice            #...         3%          1    None
b - Magic Dart            Conj           ####         1%          1    None
c - Throw Flame           Conj/Fire      ####..       1%          2    None


Dungeon Overview and Level Annotations

Branches:
Dungeon (11/15)            Temple (1/1) D:5            Lair (0/6) D:10
    Orc (0/2) D:11

Altars:
Ashenzari
Cheibriados
Dithmenos
Hepliaklqana
Kikubaaqudgha
Makhleb
Nemelex Xobeh
Okawaru
Ru
Trog
Uskayaw
Vehumet
Yredelemnul
Zin

Shops:
D:4 *   D:5 ?   D:11 (


Innate Abilities, Weirdness & Mutations

You have a beak for a mouth.
You have sharp fingernails.
You have a pair of small horns on your head.
You are partially covered in icy blue scales. (AC +2)
You are partially covered in iridescent scales. (AC +2)
You are partially covered in slimy green scales. (AC +2)
You are agile. (Dex +2)
Your flesh is cold resistant. (rC+)
Armour fits poorly on your strangely shaped body.
You are occasionally teleported next to monsters.
You are weak. (Str -2)
You expend magic power (3 MP) to strengthen your wands.


Message History

Press: ? - help, Shift-Dir - straight line, f/p - hill giant
Aim: a hill giant, wielding a giant club (lightly wounded)
The puff of flame hits the hill giant.
The hill giant is lightly wounded.
You hit the hill giant. You freeze the hill giant.
You peck the hill giant, but do no damage.
The hill giant is moderately wounded.
The hill giant misses you.
You barely miss the hill giant. You headbutt the hill giant!
Your peck misses the hill giant.
The hill giant is heavily wounded.
You slash the hill giant! You freeze the hill giant.
The hill giant is severely wounded.
The hill giant hits you with a giant club!!
You slash the hill giant! You freeze the hill giant.
The hill giant is almost dead.
You barely miss the hill giant.
The hill giant is almost dead.
The hill giant hits you with a giant club!!
You die...

############# #########
##...........# #.......#
#########............###.......#
........#.......@....#.........#
........(.......C)...#.#.......#
.....(..##.......)[..#.#.......#
........##.......).....#.......#
........##...((......###.......#
##.############.###### #.......#
#.# ### #)## #.......# #.###.##
#[)## ####.#### #.'..∩.# ##.)##
#.##


You could see a hill giant.

Vanquished Creatures
  Erica (D:9)
  A hill giant (D:11)
  3 cyclopes (D:11)
  A two-headed ogre (D:11)
  A polar bear (D:10)
  A centaur simulacrum (D:10)
  A hog (D:7)
  A wraith (D:11)
  A human (D:7)
  3 yaks (D:10)
  A basilisk (D:10)
  A hungry ghost (D:10)
  A human (shapeshifter) (D:7)
  3 hippogriffs
  A steam dragon (D:9)
  2 insubstantial wisps (D:9)
  5 water moccasins
  3 porcupines
  An ice beast (D:10)
  8 orc warriors
  2 necrophages
  A phantom (D:11)
  7 sky beasts
  An ogre (D:9)
  A black bear (D:6)
  3 wolves (D:10)
  A centaur (D:5)
  A big kobold (D:11)
  A crocodile (D:11)
  6 giant frogs
  3 water moccasin zombies (Ossuary)
  7 scorpions
  7 killer bees (D:7)
  The ghost of rastmirit the Skirmisher, a weakling DsFi (D:4)
  3 vampire bats (D:8)
  2 electric eels
  A howler monkey (shapeshifter) (D:5)
  3 crimson imps
  A jelly (D:6)
  A giant frog zombie (D:4)
  4 hounds
  9 orc priests
  4 iguanas
  Crazy Yiuf (D:3)
  A centaur skeleton (D:9)
  2 giant frog skeletons
  8 orc wizards
  4 worker ants
  A big kobold zombie (Ossuary)
  A killer bee zombie (D:9)
  3 sheep (D:7)
  A giant frog simulacrum (D:10)
  A hound zombie (D:9)
  A hound skeleton (D:7)
  A howler monkey zombie (D:11)
  2 mummies (Ossuary)
  2 worker ant zombies
  6 gnolls
  17 adders
  3 river rats (D:10)
  4 shadow imps
  4 white imps (D:10)
  7 adder zombies
  2 oozes
  An adder skeleton (D:4)
  2 worms
  3 dart slugs
  7 giant geckos
  46 orcs
  8 bats
  4 bat skeletons (D:8)
  2 bat zombies (D:8)
  9 giant cockroaches
  4 gnoll zombies (Ossuary)
  9 goblins
  11 hobgoblins
  18 jackals
  7 quokkas
  A giant gecko zombie (D:5)
  6 giant newts
  8 hobgoblin zombies (Ossuary)
  A jackal skeleton (D:4)
  21 kobolds
  5 kobold zombies (Ossuary)
  4 orc zombies (Ossuary)
  A quokka skeleton (D:6)
  2 quokka zombies (D:5)
  16 rats
378 creatures vanquished.

Notes
Turn   | Place    | Note
-------+----------+-------------------------------------------
     0 | D:1      | Kaname the High Elf Wanderer began the quest for the Orb.
     0 | D:1      | Kaname set off with: a +2 scale mail, a +0 falchion, a +0 buckler, a bread ration
     0 | D:1      | Reached XP level 1. HP: 14/14 MP: 2/2
   137 | D:1      | Reached skill level 1 in Long Blades
   201 | D:1      | Reached skill level 2 in Long Blades
   201 | D:1      | Reached XP level 2. HP: 17/19 MP: 3/3
   438 | D:1      | Reached skill level 3 in Long Blades
   697 | D:1      | Reached XP level 3. HP: 24/24 MP: 4/4
   820 | D:1      | Gained mutation: You have a pair of small horns on your head. [potion of beneficial mutation]
   823 | D:2      | Found a bloodstained altar of Trog.
  1494 | D:2      | Reached skill level 4 in Long Blades
  1609 | D:2      | Reached XP level 4. HP: 29/29 MP: 5/5
  1659 | D:2      | Found a basalt altar of Yredelemnul.
  2086 | D:2      | Reached skill level 5 in Long Blades
  2113 | D:2      | Found a faded altar of an unknown god.
  2382 | D:3      | Reached XP level 5. HP: 32/34 MP: 6/6
  2604 | D:3      | Reached skill level 6 in Long Blades
  3459 | D:3      | Found a runed door.
  3700 | D:3      | Noticed Crazy Yiuf
  3709 | D:3      | Killed Crazy Yiuf
  3709 | D:3      | Reached skill level 7 in Long Blades
  4274 | D:4      | Reached XP level 6. HP: 39/39 MP: 7/7
  4336 | D:4      | Found Cuzei's Serpentskin Sales.
  4336 | D:4      | Noticed a water moccasin
  4336 | D:4      | Noticed a water moccasin
  4336 | D:4      | Noticed a water moccasin
  4338 | D:4      | Found an iron altar of Okawaru.
  4340 | D:4      | Found a sparkling altar of Nemelex Xobeh.
  4349 | D:4      | Got a pitted long sword
  4350 | D:4      | Identified the +3 long sword "Qited" {freeze, rElec Dex+5} (You found it on level 4 of the Dungeon)
  4681 | D:4      | Reached skill level 8 in Long Blades
  5057 | D:4      | Reached XP level 7. HP: 37/45 MP: 8/8
  5091 | D:4      | Found a snail-covered altar of Cheibriados.
  5095 | D:4      | Reached skill level 9 in Long Blades
  5251 | D:4      | Noticed rastmirit's ghost (weakling DsFi)
  5260 | D:4      | Killed rastmirit's ghost
  5734 | D:5      | Entered Level 5 of the Dungeon
  5935 | D:5      | Found a sand-covered staircase.
  5947 | Ossuary  | Entered an ossuary
  6179 | Ossuary  | Reached skill level 10 in Long Blades
  6199 | Ossuary  | Gained mutation: You are partially covered in slimy green scales. (AC +2) [potion of beneficial mutation]
  6447 | D:5      | Reached XP level 8. HP: 50/50 MP: 8/10
  6484 | D:5      | Reached skill level 1 in Spellcasting
  6502 | D:5      | Reached skill level 11 in Long Blades
  6808 | D:5      | Found a staircase to the Ecumenical Temple.
  6818 | D:5      | Found Robarask's Magic Scroll Emporium.
  6824 | D:5      | Bought a scroll of torment for 75 gold pieces
  6824 | D:5      | Bought a scroll of identify for 20 gold pieces
  6824 | D:5      | Bought a scroll of fog for 20 gold pieces
  6824 | D:5      | Bought a scroll of teleportation for 30 gold pieces
  6824 | D:5      | Bought a scroll of fear for 35 gold pieces
  6825 | D:5      | Gained mutation: You are partially covered in iridescent scales. (AC +2) [potion of mutation]
  6825 | D:5      | Gained mutation: You expend magic power (3 MP) to strengthen your wands. [potion of mutation]
  6826 | D:5      | Gained mutation: Armour fits poorly on your strangely shaped body. [potion of mutation]
  6826 | D:5      | Gained mutation: Your flesh is cold resistant. (rC+) [potion of mutation]
  6827 | D:5      | Gained mutation: You are occasionally teleported next to monsters. [potion of mutation]
  6843 | Temple   | Entered the Ecumenical Temple
  6931 | Temple   | Became a worshipper of Vehumet
  7520 | D:6      | Reached skill level 5 in Spellcasting
  7964 | D:7      | Reached * piety under Vehumet
  7964 | D:7      | Offered knowledge of Freeze by Vehumet.
  7971 | D:7      | Reached XP level 9. HP: 42/54 MP: 17/19
  8106 | D:7      | Learned a level 1 spell: Freeze
  8276 | D:7      | Gained mutation: You are agile. (Dex +2) [mutagenic meat]
  8320 | D:7      | Reached skill level 12 in Long Blades
  8817 | D:7      | Found a burning altar of Makhleb.
  9172 | D:8      | Found a hide-covered altar of Uskayaw.
  9243 | D:8      | Offered knowledge of Magic Dart by Vehumet.
  9247 | D:8      | Learned a level 1 spell: Magic Dart
  9262 | D:8      | Reached ** piety under Vehumet
  9262 | D:8      | Reached skill level 1 in Conjurations
  9853 | D:8      | Found an ancient bone altar of Kikubaaqudgha.
  9982 | D:8      | Reached XP level 10. HP: 65/65 MP: 23/23
  9992 | D:8      | Gained mutation: You are weak. (Str -2) [mutagenic meat]
  9995 | D:8      | Gained mutation: You have a beak for a mouth. [mutagenic meat]
 10001 | D:8      | Gained mutation: You are partially covered in icy blue scales. (AC +2) [mutagenic meat]
 10004 | D:8      | Gained mutation: You have sharp fingernails. [mutagenic meat]
 10128 | D:9      | Found a flagged portal.
 10182 | D:9      | Offered knowledge of Throw Flame by Vehumet.
 10190 | D:9      | Learned a level 2 spell: Throw Flame
 10287 | Bailey   | Entered a bailey
 10297 | Bailey   | Noticed an orc warlord
 10320 | Bailey   | Reached skill level 5 in Fighting
 10376 | Bailey   | Reached *** piety under Vehumet
 10503 | Bailey   | Found a runed gate.
 10503 | Bailey   | Found a runed gate.
 10512 | Bailey   | Found a runed gate.
 10581 | Bailey   | Identified Ehishre's Tome of Earthen Ignition (You found it in a bailey)
 10625 | D:9      | Noticed Erica
 10635 | D:9      | Killed Erica
 10635 | D:9      | Reached skill level 5 in Conjurations
 10660 | D:9      | Offered knowledge of Olgreb's Toxic Radiance by Vehumet.
 10760 | D:9      | Reached skill level 13 in Long Blades
 11503 | D:10     | Entered Level 10 of the Dungeon
 11504 | D:10     | Found a staircase to the Lair.
 11755 | D:10     | Reached **** piety under Vehumet
 11759 | D:10     | Offered knowledge of Yara's Violent Unravelling by Vehumet.
 12296 | D:10     | Reached XP level 11. HP: 57/72 MP: 24/24
 12435 | D:10     | Upgraded the game from 0.19-a0-1047-g4b671ad to 0.19-a0-1050-g8e71ee3
 13172 | D:11     | Found a staircase to the Orcish Mines.
 13237 | D:11     | Reached ***** piety under Vehumet
 13315 | D:11     | Offered knowledge of Ozocubu's Refrigeration by Vehumet.
 13315 | D:11     | Reached skill level 14 in Long Blades
 13904 | D:11     | Noticed a hill giant
 14429 | D:11     | Killed a hill giant
 14429 | D:11     | Reached skill level 10 in Conjurations
 14552 | D:11     | Found Zaggics's Weapon Shop.
 14642 | D:11     | Got a warped robe
 14973 | D:11     | Identified the +1 robe of Xom's Castigation {rC+} (You found it on level 11 of the Dungeon)
 15287 | D:11     | Reached skill level 1 in Fire Magic
 15444 | D:11     | Noticed a hill giant
 15451 | D:11     | Slain by a hill giant

Vault maps used:
D:1:      minmay_arrival_glassed_features
D:2:      bloody_trog, yredelemnul_altar_generic, ecumenical_altar_1,
          grunt_ministairs_5
D:3:      uniq_crazy_yiuf_cottage
D:4:      grunt_temple_overflow_open, kennysheep_slug_shrine, first_bread,
          gup_sewer_entry_spiral, guppyfry_shop_venom
D:5:      enter_ossuary_4, serial_shops, shop, hangedman_decor_growths,
          kennysheep_generic_room_4
D:6:      kennysheep_generic_room_8
D:7:      grunt_livestock, makhleb_blood_cavern_becter
D:8:      kennysheep_vampire_church, old_standard_altar,
          kennysheep_pointless_box, kennysheep_small_circle
D:9:      enter_bailey_2, hangedman_misty_isle, uniq_erica
D:10:     minmay_lair_entry_grove, serial_ice, serial_ice_b, serial_ice_a,
          serial_ice_o, serial_ice_c, serial_ice_n, serial_ice_m, serial_ice_j,
          serial_ice_g
D:11:     david_orc_2, serial_shops, kennysheep_little_box
Temple:   regret_index_temple_generic_petals
Ossuary:  ossuary_tomb_2
Bailey:   bailey_axe_bossmonster_kennysheep, bailey

Skill      XL: |  1  2  3  4  5  6  7  8  9 10 11 |
---------------+----------------------------------+-----
Long Blades    | 2 3 4 5 7 8 10 11 12 13 14 | 14.0
Spellcasting   | 6 8 |  8.3
Fighting       | 4 6 |  6.0
Conjurations   | 3 8 10 | 10.0
Stealth        | 3 |  3.4
Fire Magic     | 1 |  1.0
Short Blades   | |  1.2
Maces & Flails | |  1.0
Throwing       | |  1.0
Armour         | |  1.0
Dodging        | |  2.1
Shields        | |  1.0

Action                   |  1- 3 |  4- 6 |  7- 9 | 10-12 || total
-------------------------+-------+-------+-------+-------++-------
Melee: Falchion          |   117 |       |       |       ||   117
       Spear             |    33 |   226 |       |       ||   259
       Headbutt          |     6 |    33 |    81 |    84 ||   204
       Quarterstaff      |       |    22 |     7 |       ||    29
       Long sword        |       |    61 |   451 |   401 ||   913
       Peck              |       |       |       |    83 ||    83
 Cast: Magic Dart        |       |       |       |    14 ||    14
       Throw Flame       |       |       |       |     6 ||     6
Evoke: Wand              |       |       |       |     3 ||     3
  Use: Scroll            |     3 |     3 |     8 |     7 ||    21
       Potion            |     1 |     1 |     6 |     1 ||     9
 Stab: Paralysed         |       |       |     1 |       ||     1
       Sleeping          |       |       |       |     1 ||     1
  Eat: Chunk             |     2 |    24 |    16 |    22 ||    64
Armor: Scale mail        |    56 |   155 |   166 |    86 ||   463
       Leather armour    |       |       |       |    38 ||    38
       Skin              |       |       |       |     7 ||     7
       Robe              |       |       |       |    26 ||    26
Dodge: Dodged            |    59 |   138 |   137 |   167 ||   501
Block: Buckler           |    21 |    39 |       |       ||    60
